 Dungeon Crawl Stone Soup version 0.32-a0-799-g95e1662365 (webtiles) character file.

Game seed: 2125986837692671266

1684 cforsyth the Firebug (level 8, -2/71 HPs)
             Began as a Mountain Dwarf Cinder Acolyte on Mar 22, 2024.
             Was a High Priest of Ignis.
             Killed by nerve-wracking pain
             ... invoked by Menkaure
              (9 damage)
             ... on level 6 of the Dungeon.
             The game lasted 00:06:48 (6893 turns).

cforsyth the Firebug (MDCA)                         Turns: 6893, Time: 00:06:48

Health: -2/71      AC: 12    Str: 20    XL:     8   Next: 71%
Magic:  23/23      EV:  7    Int: 17    God:    Ignis [*****.]
Gold:   287        SH:  0    Dex:  5    Spells: 14/16 levels left

rFire   + + .        o - +8 whip of Sunlight {venom, rF+ Int+3 SInv}
rCold   . . .        (no shield)
rNeg    . . .        i - +0 chain mail
rPois   .            (no helmet)
rElec   .            t - +1 cloak
rCorr   .            (no gloves)
SInv    +            (no boots)
Will    .....        (no amulet) Stlth
                     M - ring of magical power
HPRegen 0.31/turn    (no ring)
MPRegen 0.18/turn

%: no passive effects
@: no status effects
A: runic magic, artefact enchanting
a: Renounce Religion, Fiery Armour, Foxfire Swarm, Rising Flame


You were on level 6 of the Dungeon.
You worshipped Ignis.
Ignis was extremely pleased with you.
You visited 1 branch of the dungeon, and saw 6 of its levels.

You collected 287 gold pieces.


Innate Abilities, Weirdness & Mutations

Your spellcasting is much less encumbered by armour.
You can use scrolls of enchantment on lesser artefacts.


   Skills:
 + Level 6.9 Fighting
 - Level 4.3 Axes
 + Level 5.7 Armour
 + Level 4.5 Spellcasting
 + Level 7.5 Fire Magic


You had 14 spell levels left.
You knew the following spells:

 Your Spells              Type           Power      Damage    Failure   Level
X - Scorch                Fire           58%        2d7       1%          2

Your spell library contained the following spells:

 Spells                   Type           Power      Damage    Failure   Level
 Freeze                   Ice            12%        1d3       24%         1
 Magic Dart               Conj           12%        1d3       24%         1
 Blink                    Tloc           6%         N/A       36%         2
 Call Imp                 Summ           6%         N/A       36%         2
 Searing Ray              Conj           6%         2d4       36%         2
 Sublimation of Blood     Necr           3%         N/A       36%         2
 Flame Wave               Conj/Fire      16%        2d7       45%         4
 Frozen Ramparts          Ice            6%         1d1       58%         3
 Hailstorm                Conj/Ice       3%         3d5       58%         3
 Fulminant Prism          Conj/Alch      1%         3d5       94%         4
 Summon Cactus Giant      Summ           1%         N/A       100%        6
 Summon Hydra             Summ           1%         N/A       100%        7

Inventory:

Hand Weapons
 a - a -1 hand axe of flaming
 o - the +8 whip of Sunlight (weapon) {venom, rF+ Int+3 SInv}
   (You found it on level 4 of the Dungeon)

   Int+3:     It affects your intelligence (+3).
   rF+:       It protects you from fire.
   SInv:      It lets you see invisible.
Armour
 i - a +0 chain mail (worn)
 t - a +1 cloak (worn)
Jewellery
 C - a ring of ice
 M - a ring of magical power (left hand)
Wands
 m - a wand of roots (5)
 u - a wand of polymorph (11)
 w - a wand of paralysis (6)
Scrolls
 b - 3 scrolls of vulnerability {unknown}
 d - 4 scrolls of teleportation {@r2}
 j - a scroll of noise {unknown}
 l - a scroll of fear {unknown}
 n - 3 scrolls of identify {unknown}
 p - 5 scrolls of blinking {unknown}
 q - a scroll of enchant armour {unknown}
 r - 2 scrolls of amnesia {unknown}
 x - a scroll of revelation {unknown}
Potions
 c - 3 potions of mutation {unknown}
 e - 3 potions of curing {@q1}
 f - 2 potions of degeneration
 g - 2 potions of lignification {unknown}
 h - 2 potions of ambrosia {unknown}
 k - a potion of resistance {unknown}
 s - a potion of haste {unknown}
 v - a potion of enlightenment {unknown}

Dungeon Overview and Level Annotations

Branches:
Dungeon (6/15)             Temple (0/1) D:6

Altars:
Dithmenos
Elyvilon
Kikubaaqudgha
Sif Muna
Trog
Uskayaw
The Shining One

Annotations:
D:3 3 runed translucent doors, adelrune's ghost, amateur DsGl
D:6 Menkaure

##.........#.#..##...##....
.#........####.............
..........####....##.......
.##..##....##..............
##..................#....#.
....................##...#
................▓▓▓▓▓▓▓▓▓.#
....##..........▓ .#
....#.....@.....▓ # ..#
#.....M...##▓ . ##......###
#......# ##...... #..#..##
#######


You could see Menkaure.


Message History

Menkaure is moderately damaged.
Menkaure giggles, "These cerements are ticklish..."
Menkaure barely misses you.
You hit Menkaure.
Menkaure is moderately damaged.
Menkaure hits you!
* * * LOW HITPOINT WARNING * * *
You hit Menkaure.
Menkaure is heavily damaged.
Menkaure hits you!
* * * LOW HITPOINT WARNING * * *
You hit Menkaure.
Menkaure is heavily damaged.
Unknown command.
You whack Menkaure!
Menkaure is severely damaged.
Menkaure hits you but does no damage.
Unknown command.
You hit Menkaure but do no damage.
Menkaure is severely damaged.
Menkaure calls on the powers of darkness!
Your body is wracked with pain!
* * * LOW HITPOINT WARNING * * *
Unknown command.
You barely miss Menkaure.
Menkaure is severely damaged.
Menkaure casts a spell at you. Pain shoots through your body!
You die...
Ignis goes out, and joins you in death.

Skill      XL: |  1  2  3  4  5  6  7  8 |
---------------+-------------------------+-----
Armour         | 1 2 3 4 5 |  5.7
Fire Magic     | 4 5 6 7 |  7.5
Axes           | 4 |  4.3
Fighting       | 4 5 6 |  6.9
Spellcasting   | 2 3 4 |  4.5

Action                     |  1- 3 |  4- 6 |  7- 9 || total
---------------------------+-------+-------+-------++-------
  Melee: Hand axe          |    82 |     7 |       ||    89
         Whip              |       |    33 |    77 ||   110
   Cast: Scorch            |    17 |    20 |    59 ||    96
    Use: Scroll            |       |     1 |       ||     1
         Potion            |       |     2 |       ||     2
 Armour: Robe              |    61 |       |       ||    61
         Chain mail        |    11 |    48 |    75 ||   134
  Dodge: Dodged            |    60 |    11 |    31 ||   102

Levels and vault maps discovered:
D:1:      dpeg_arrival_tiny_g, layout_loops_corners,
          shapermc_ecumenical_altar_venn, hangedman_abyss_or_decor_stabs
D:2:      layout_loops_corners, roderic_lattice_a, minmay_heptomino_d4,
          uniq_crazy_yiuf_cottage
D:3:      layout_loops_cross, mainiacjoe_overflow_cross_hatched,
          gammafunk_ghost_nasty_kobolds
D:4:      minmay_skewed_foursquare, layout_layer_cave,
          mainiacjoe_overflow_alcove_2, nicolae_overflow_quartered_altars,
          serial_rivers, chequers_serial_rivers_room_a,
          chequers_serial_rivers_micro_d, chequers_serial_rivers_room_b,
          chequers_serial_rivers_micro_c, chequers_serial_rivers_micro_b,
          minmay_lizard_king, uniq_grinder, uniq_ijyb
D:5:      layout_basic, cheibrodos_gnoll_hut, uniq_prince_ribbit1
D:6:      layout_cave_pools, grunt_temple_overflow_gold_and_silver,
          mainiacjoe_overflow_boulevard, minmay_temple_entry_antechambers,
          uniq_menkaure

Notes
Turn   | Place    | Note
-------+----------+-------------------------------------------
     0 | D:1      | cforsyth the Mountain Dwarf Cinder Acolyte began the quest
                  | for the Orb.
     0 | D:1      | Reached XP level 1. HP: 19/19 MP: 2/2
   245 | D:1      | Reached XP level 2. HP: 11/26 MP: 3/3
   253 | D:1      | Learned a level 2 spell: Scorch
   578 | D:1      | Reached skill level 1 in Armour
   726 | D:1      | Reached XP level 3. HP: 31/31 MP: 0/5
   871 | D:1      | Reached skill level 4 in Fire Magic
   941 | D:1      | Found a faded altar of an unknown god.
  1022 | D:1      | Reached skill level 4 in Axes
  1459 | D:2      | Identified the +1 sling of Nej Reot {speed, rC+ Will-
                  | Str+5}
  1816 | D:2      | Reached XP level 4. HP: 14/40 MP: 0/6
  2519 | D:2      | Found a runed translucent door.
  2520 | D:2      | Noticed Crazy Yiuf
  2875 | D:3      | Found a runed translucent gate.
  2877 | D:3      | Found a runed translucent gate.
  2878 | D:3      | Found a runed translucent gate.
  2878 | D:3      | Noticed adelrune's ghost (amateur DsGl)
  2879 | D:3      | Noticed a kobold brigand
  3185 | D:3      | Reached skill level 4 in Fighting
  3346 | D:3      | Found a shadowy altar of Dithmenos.
  3505 | D:4      | Identified the +8 whip of Sunlight {venom, rF+ Int+3 SInv}
  3510 | D:4      | You fall into a shaft and drop 2 floors!
  3526 | D:5      | Entered Level 5 of the Dungeon
  3556 | D:5      | Noticed a scorpion
  3569 | D:5      | Killed a scorpion
  3570 | D:5      | Reached skill level 2 in Armour
  3570 | D:5      | Reached skill level 2 in Spellcasting
  3570 | D:5      | Reached XP level 5. HP: 30/46 MP: 8/8
  3734 | D:5      | Reached skill level 5 in Fire Magic
  3734 | D:5      | Reached XP level 6. HP: 37/53 MP: 9/9
  3818 | D:5      | Reached skill level 3 in Armour
  3883 | D:5      | Noticed Prince Ribbit
  3894 | D:5      | HP: 5/53 [Prince Ribbit (4)]
  3896 | D:5      | Killed Prince Ribbit
  3897 | D:5      | Reached skill level 5 in Fighting
  3897 | D:5      | Reached skill level 3 in Spellcasting
  3897 | D:5      | Reached XP level 7. HP: 16/61 MP: 11/11
  4122 | D:5      | Reached skill level 4 in Armour
  4128 | D:5      | Reached skill level 6 in Fire Magic
  4438 | D:2      | Killed Crazy Yiuf
  4701 | D:4      | Reached skill level 6 in Fighting
  4701 | D:4      | Reached XP level 8. HP: 70/70 MP: 13/13
  4831 | D:4      | Noticed Grinder
  4839 | D:4      | Killed Grinder
  4840 | D:4      | Reached skill level 5 in Armour
  4840 | D:4      | Reached skill level 4 in Spellcasting
  4916 | D:4      | Found a shimmering blue altar of Sif Muna.
  4971 | D:4      | Reached skill level 7 in Fire Magic
  5653 | D:4      | Found a glowing golden altar of the Shining One.
  5653 | D:4      | Found a hide-covered altar of Uskayaw.
  5654 | D:4      | Found an ancient bone altar of Kikubaaqudgha.
  5671 | D:4      | Found a bloodstained altar of Trog.
  5709 | D:4      | Noticed Ijyb
  5714 | D:4      | Killed Ijyb
  6506 | D:6      | Found a white marble altar of Elyvilon.
  6767 | D:6      | Found a staircase to the Ecumenical Temple.
  6882 | D:6      | Noticed Menkaure
  6892 | D:6      | HP: 7/71 [??? (5)]
  6893 | D:6      | Killed from afar by Menkaure

Vanquished Creatures
  Grinder (D:4)
  Prince Ribbit (D:5)
  A water moccasin (D:5)
  A black bear (D:6)
  2 centaurs (D:5)
  An ogre (D:4)
  A phantom (D:5)
  3 scorpions
  A jelly (D:6)
  4 hounds
  Crazy Yiuf (D:2)
  3 orc priests
  5 iguanas
  A sleepcap (D:2)
  Ijyb (D:4)
  2 gnolls
  5 adders
  A shadow imp (D:6)
  A dart slug (D:1)
  2 ribbon worms
  10 orcs
  3 ball pythons
  10 endoplasms
  4 giant cockroaches
  4 goblins
  10 hobgoblins
  4 jackals (D:1)
  4 quokkas
  3 bats (D:1)
  13 frilled lizards
  3 kobolds
  3 rats
109 creatures vanquished.

Table legend: (Time is in decaauts)
 A = Elapsed time spent in this place.
 B = Non-inter-level travel time spent in this place.
 C = Inter-level travel time spent in this place.
 D = Time resting spent in this place.
 E = Time spent auto-exploring this place.
 F = Levels seen in this place.
 G = Mean time per level.
                   A        B        C        D        E       F      G
               +--------+--------+--------+--------+--------+-----+--------+
         Total |   6880 |   6607 |    273 |     69 |   5787 |   6 | 1146.7 |
       Dungeon |   6880 |   6607 |    273 |     69 |   5787 |   6 | 1146.7 |
               +--------+--------+--------+--------+--------+-----+--------+

Top non-repeatable levels by time:
     D:2: 1663 daAuts
     D:4: 1657 daAuts
     D:1: 1219 daAuts
     D:5: 1073 daAuts
     D:3: 862 daAuts
     D:6: 402 daAuts

Table legend:
 A = Non-vault XP
 B = Vault XP
 C = Vault XP percentage of total XP
 D = Non-vault monster count
 E = Vault monster count
 F = Vault count percentage of total count
                 A         B        C        D         E       F
            +---------+---------+-------+---------+---------+-------
      Total |    1610 |     797 |  33.1 |      84 |      25 |  22.9
            +---------+---------+-------+---------+---------+-------
        D:1 |      50 |       0 |   0.0 |      27 |       0 |   0.0
        D:2 |      69 |      47 |  40.5 |      10 |       4 |  28.6
        D:3 |      32 |       0 |   0.0 |       6 |       0 |   0.0
        D:4 |     338 |     385 |  53.3 |      15 |      17 |  53.1
        D:5 |     823 |     365 |  30.7 |      16 |       4 |  20.0
        D:6 |     298 |       0 |   0.0 |      10 |       0 |   0.0
            +---------+---------+-------+---------+---------+-------
